 Dungeon Crawl Stone Soup version 0.31-a0-1612-g4aaf141004 (webtiles) character file.

Game seed: 5755881727512334310

77 zenocrate the Sneak (level 4, -1/21 HPs)
             Began as a Vine Stalker Enchanter on Jan 10, 2024.
             Slain by Grinder (5 damage)
             ... on level 3 of the Dungeon.
             The game lasted 00:02:42 (1884 turns).

zenocrate the Sneak (Vine Stalker Enchanter)        Turns: 1884, Time: 00:02:43

Health: -1/21      AC:  6    Str: 11    XL:     4   Next: 33%
Magic:  0/8        EV: 13    Int: 15    God:
Gold:   126        SH:  0    Dex: 22    Spells: 2/7 levels left

rFire   . . .        b - +2 dagger (drain)
rCold   . . .        (no shield)
rNeg    . . .        n - +0 robe
rPois   .            (no helmet)
rElec   .            (no cloak)
rCorr   .            (no gloves)
SInv    .            (no boots)
Will    .....        (no amulet)
Stlth   +++          m - +4 ring of protection
HPRegen 1.03/turn    q - +6 ring of dexterity
MPRegen 0.11/turn

%: guardian spirit
@: very slightly contaminated, invisible
A: fangs 2, regeneration 1, magic shield, antimagic bite, no potion heal 2
a: no special abilities


You were on level 3 of the Dungeon.
You visited 1 branch of the dungeon, and saw 3 of its levels.

You collected 126 gold pieces.

Inventory:

Hand Weapons
 a - a +1 dagger
 b - a +2 dagger of draining (weapon)
 o - a +0 dagger of speed
Missiles
 l - 6 poisoned darts (quivered)
 s - 5 boomerangs
Armour
 n - a +0 robe (worn)
Jewellery
 m - a +4 ring of protection (left hand)
 q - a +6 ring of dexterity (right hand)
Scrolls
 f - a scroll of fog {unknown}
 g - 2 scrolls of fear {unknown}
 h - 2 scrolls of identify {unknown}
 k - 2 scrolls of teleportation {unknown}
 p - 2 scrolls of immolation {unknown}
Potions
 c - 2 potions of invisibility
 d - a potion of ambrosia {unknown}
 e - 3 potions of curing {unknown}
 i - a potion of attraction {unknown}
 j - 2 potions of heal wounds {unknown}
 r - 2 potions of might {unknown}
 t - a potion of mutation {unknown}


   Skills:
 + Level 1.8 Short Blades
 + Level 2.0 Dodging
 + Level 4.5 Stealth
 - Level 2.1 Spellcasting
 + Level 3.5 Hexes
 + Level 1.1 Ice Magic


You had 2 spell levels left.
You knew the following spells:

 Your Spells              Type           Power      Damage    Failure   Level
a - Ensorcelled Hibernat  Hex/Ice        16%        N/A       13%         2
b - Confusing Touch       Hex            12%        N/A       16%         3

Your spell library contained the following spells:

 Spells                   Type           Power      Damage    Failure   Level
 Mercury Vapours          Alch/Air       2%         N/A       32%         2
 Tukima's Dance           Hex            12%        N/A       16%         3
 Dazzling Flash           Conj/Hex       14%        N/A       30%         3
 Frozen Ramparts          Ice            8%         1d2       38%         3
 Ozocubu's Armour         Ice            4%         N/A       38%         3
 Mephitic Cloud           Conj/Alch/Air  1%         N/A       54%         3
 Summon Blazeheart Golem  Fire/Summ      1%         N/A       91%         4
 Metabolic Englaciation   Hex/Ice        4%         N/A       93%         5
 Sculpt Simulacrum        Ice/Alch       1%         N/A       100%        6
 Orb of Destruction       Conj           0%         9d5       100%        7
 Spellforged Servitor     Conj/Summ      0%         N/A       100%        7


Dungeon Overview and Level Annotations

Branches:
Dungeon (3/15)

Altars:

Annotations:
D:3 Grinder


Innate Abilities, Weirdness & Mutations

You have extremely sharp teeth.
Your natural rate of healing is unusually fast.
When hurt, damage is shared between your health and your magic reserves.
Your bite disrupts and absorbs the magic of your enemies.
Potions cannot restore your health.


Message History

Nothing appears to happen.
You hit Grinder.
Grinder is lightly wounded.
Grinder hits you.
You hit Grinder. You bite Grinder.
Grinder's magic leaks into the air.
You drain her magic.
You feel invigorated.
Grinder is moderately wounded.
Grinder hits you.
You writhe in agony.
You closely miss Grinder. Your bite misses Grinder.
Grinder is moderately wounded.
Grinder's magic is no longer disrupted.
Grinder gestures at you. Pain shoots through your body!
Unknown command.
Okay, then.
You fade into invisibility!
Grinder barely misses you.
Unknown command.
You completely miss Grinder.
Grinder is moderately wounded.
Grinder misses you.
You are too injured to fight recklessly!
You hit Grinder but do no damage.
Grinder is moderately wounded.
Grinder closely misses you.
Unknown command.
You barely miss Grinder. Your bite misses Grinder.
Grinder is moderately wounded.
Grinder hits you.
You writhe in agony.
* * * LOW HITPOINT WARNING * * *
You are too injured to fight recklessly!
You catch the helpless Grinder completely off-guard!
You impale Grinder!! You bite Grinder.
Grinder's magic leaks into the air.
You drain her magic.
You feel invigorated.
Grinder is almost dead.
Grinder hits you.
* * * LOW HITPOINT WARNING * * *
You writhe in agony.
You die...
Grinder sighs, "Dead already?
I want a refund."

......##....#####...#####.
......##...## #.........
.........#.## #......†..
............### #...>.....
..............# ####.[....
.............########..###
..........##........##....
.....##......[....#....###
..... ###@................
...## #5................
.# #.................
#.................
#.................
#.........########
###########


You could see Grinder (unable to see you, magic disrupted).

Vanquished Creatures
  3 adders
  A ribbon worm (D:2)
  3 dart slugs (D:2)
  3 orcs (D:3)
  5 ball pythons
  2 endoplasms (D:2)
  2 goblins (D:2)
  3 hobgoblins
  5 kobolds
  5 bats
  3 frilled lizards
  6 rats
41 creatures vanquished.

Notes
Turn   | Place    | Note
-------+----------+-------------------------------------------
     0 | D:1      | zenocrate the Vine Stalker Enchanter began the quest for
                  | the Orb.
     0 | D:1      | Reached XP level 1. HP: 9/9 MP: 4/4
   216 | D:1      | Reached skill level 1 in Short Blades
   304 | D:1      | Got the Anthology of the Winter and Alteration
   741 | D:2      | Reached skill level 4 in Stealth
   741 | D:2      | Reached XP level 2. HP: 13/13 MP: 6/6
   746 | D:2      | Learned a level 2 spell: Ensorcelled Hibernation
   947 | D:2      | Reached XP level 3. HP: 16/16 MP: 7/7
   951 | D:2      | Learned a level 3 spell: Confusing Touch
  1543 | D:3      | Reached XP level 4. HP: 21/21 MP: 8/8
  1550 | D:3      | Reached skill level 1 in Ice Magic
  1704 | D:3      | Noticed Grinder
  1761 | D:3      | Identified the +1 mace "Gyut" {flame, Will+ MP+9}
  1798 | D:3      | Identified the +6 scale mail "Turghadul" {Rampage Int+6
                  | Dex-2}
  1884 | D:3      | Slain by Grinder

Illustrated notes

Levels and vault maps discovered:
D:1:      dpeg_arrival_tiny_i, layout_loops_ring, serial_forest,
          infiniplex_forest_3_way, infiniplex_forest_lined_room_3,
          infiniplex_forest_clump_cross, infiniplex_forest_lined_corner,
          infiniplex_forest_join, infiniplex_forest_clump_cross,
          infiniplex_forest_lined_room_2
D:2:      layout_basic, minmay_pentomino_s2
D:3:      layout_rooms, hellmonk_ecumenical_altar_leap_of_faith,
          minmay_misc_feat_tower, hangedman_decor_clover_reticule, uniq_grinder

Skill      XL: |  1  2  3  4 |
---------------+-------------+-----
Short Blades   | 1 |  1.8
Stealth        | 4 |  4.5
Ice Magic      | 1 |  1.1
Dodging        | 2 |  2.0
Spellcasting   | |  2.1
Hexes          | |  3.5

Action                     |  1- 3 |  4- 6 || total
---------------------------+-------+-------++-------
  Melee: Dagger            |    83 |    23 ||   106
         Bite              |    19 |     2 ||    21
         Punch             |     1 |       ||     1
   Cast: Ensorcelled Hiber |     3 |     3 ||     6
    Use: Potion            |       |     1 ||     1
   Stab: Sleeping          |    13 |     4 ||    17
         Invisible         |       |     1 ||     1
 Armour: Robe              |    32 |    19 ||    51
  Dodge: Dodged            |    37 |    18 ||    55

Table legend: (Time is in decaauts)
 A = Elapsed time spent in this place.
 B = Non-inter-level travel time spent in this place.
 C = Inter-level travel time spent in this place.
 D = Time resting spent in this place.
 E = Time spent auto-exploring this place.
 F = Levels seen in this place.
 G = Mean time per level.
                   A        B        C        D        E       F      G
               +--------+--------+--------+--------+--------+-----+--------+
         Total |   1875 |   1851 |     24 |      0 |   1469 |   3 |  625.0 |
       Dungeon |   1875 |   1851 |     24 |      0 |   1469 |   3 |  625.0 |
               +--------+--------+--------+--------+--------+-----+--------+

Top non-repeatable levels by time:
     D:1: 782 daAuts
     D:2: 718 daAuts
     D:3: 374 daAuts
